 Dungeon Crawl Stone Soup version 0.29-a0-998-g1987434951 (webtiles) character file.

Game seed: 5497397469454505698

58 BritishOli the Ducker (level 3, -1/28 HPs)
             Began as a Demonspawn Gladiator on Aug 5, 2022.
             Succumbed to an orc's poison
             ... on level 2 of the Dungeon.
             The game lasted 00:02:35 (1500 turns).

BritishOli the Ducker (Demonspawn Gladiator)        Turns: 1500, Time: 00:02:36

Health: -1/28      AC:  9    Str: 13 (16) XL:     3   Next: 75%
Magic:  3/3        EV: 12    Int:  8 (9)  God:
Gold:   97         SH:  4    Dex: 13 (14) Spells: 2/2 levels left

rFire   . . .      SeeInvis .   a - +0 long sword
rCold   . . .      Faith    .   (no shield)
rNeg    . . .      Spirit   .   b - +0 leather armour
rPois   .          Reflect  .   c - +0 helmet
rElec   .          Harm     .   f - +0 cloak
rCorr   .          Rampage  .   (no gloves)
Will    .....                   (no boots)
Stlth   +.........              (no amulet)
HPRegen 0.09/turn               g - +4 ring of protection
MPRegen 0.08/turn               (no ring)

@: lethally poisoned (-1 -> -22)
A: powered by pain 1, condensation shield
a: no special abilities


You were on level 2 of the Dungeon.
You visited 1 branch of the dungeon, and saw 3 of its levels.

You collected 97 gold pieces.

Inventory:

Hand Weapons
 a - a +0 long sword (weapon)
Missiles
 d - 3 throwing nets (quivered)
 e - a javelin
Armour
 b - a +0 leather armour (worn)
 c - a +0 helmet (worn)
 f - a +0 cloak (worn)
Jewellery
 g - a +4 ring of protection (left hand)
Scrolls
 i - 2 scrolls of enchant weapon {unknown}
 j - 2 scrolls of blinking {unknown}
 k - a scroll of teleportation {unknown}
 l - a scroll of identify {unknown}
 m - a scroll of immolation {unknown}
 n - 2 scrolls of noise {unknown}
Potions
 o - a potion of haste {unknown}


   Skills:
 + Level 2.7 Fighting
 + Level 3.1 Long Blades
 - Level 2.0 Throwing
 + Level 0.8 Armour
 + Level 3.1 Dodging


You had 2 spell levels left.
You didn't know any spells.
Your spell library contained the following spells:

 Spells                   Type           Power      Damage    Failure   Level
 Summon Small Mammal      Summ           0%         N/A       50%         1


Dungeon Overview and Level Annotations

Branches:
Dungeon (3/15)

Altars:

Shops:
D:2 (:*?*


Innate Abilities, Weirdness & Mutations

You sometimes gain a little power by taking damage.
A meltable shield of frost defends you. (SH +4)


Message History

The orc hits you but does no damage.
The endoplasm hits you but does no damage.
You block the frilled lizard's attack. The orc closely misses you.
The endoplasm attacks as you move away!
The endoplasm hits you but does no damage.
The frilled lizard unfolds its giant frill.
There is a stone staircase leading up here.
The orc hits you with a +0 whip. The endoplasm barely misses you.
The orc hits you but does no damage.
You are poisoned.
You climb upwards.
You feel sick.
There is a stone staircase leading down here.
You hit the orc.
You kill the orc!
You feel sick. The orc hits you but does no damage.
The endoplasm hits you but does no damage.
You barely miss the orc.
You feel sick. The orc hits you but does no damage.
You are more poisoned.
The endoplasm barely misses you.
You hit the orc.
The orc is severely wounded.
You feel very sick. The orc barely misses you. The endoplasm freezes you.
You are frozen.
The orc hits you but does no damage.
You are lethally poisoned!
The endoplasm freezes you.
You are frozen.
You closely miss the orc.
The orc is severely wounded.
* * * LOW HITPOINT WARNING * * *
You feel very sick. The orc hits you but does no damage.
You are more poisoned.
The endoplasm hits you but does no damage.
It was a potion of degeneration.
There was something very wrong with that liquid.
You feel weakened.
You feel dopey.
You feel clumsy.
You die...

####..#.......####.###
..#...........##...###
#........####........##
...##..........#####..#
#####....#####.#####.##
...##....# #.##....# ####
......##.## #.##.######..#
.>....##..# ##.##.####...##
...######.###..)@......###
...######......oJ......#
.......................#
##....###..............#
...#..##...............#
##.......#..####.......#
####.......## #.......#
##..........###.......#
##..#...####.....####..######


You could see an orc and an endoplasm.

Vanquished Creatures
  An adder (D:2)
  3 dart slugs
  An orc (D:2)
  4 giant cockroaches
  A goblin (D:1)
  2 hobgoblins (D:1)
  4 jackals (D:3)
  2 quokkas (D:1)
  8 ball pythons
  7 bats (D:1)
  A frilled lizard (D:1)
  2 kobolds
  2 rats (D:1)
38 creatures vanquished.

Vanquished Creatures (others)
  A fungus (D:2)
1 creature vanquished.

Grand Total: 39 creatures vanquished

Notes
Turn   | Place    | Note
-------+----------+-------------------------------------------
     0 | D:1      | BritishOli the Demonspawn Gladiator began the quest for the
                  | Orb.
     0 | D:1      | Reached XP level 1. HP: 16/16 MP: 1/1
   230 | D:1      | Gained mutation: You sometimes gain a little power by
                  | taking damage. [demonic ancestry]
   230 | D:1      | Reached XP level 2. HP: 21/22 MP: 2/2
   571 | D:1      | Gained mutation: A meltable shield of frost defends you.
                  | (SH +4) [demonic ancestry]
   571 | D:1      | Reached XP level 3. HP: 28/28 MP: 3/3
   761 | D:2      | Found Emik's Book Shoppe.
   806 | D:2      | Found Ixzuukh's Weapon Shop.
   913 | D:2      | Found Icecat's Magic Scroll Shop.
   961 | D:2      | Found Seits's General Store.
   997 | D:2      | Found Resoch's General Store.
  1093 | D:2      | Found a faded altar of an unknown god.
  1098 | D:2      | Got Plato's Papyrus of the Swarm
  1500 | D:2      | Succumbed to an orc's poison

Illustrated notes

Levels and vault maps discovered:
D:1:      psy_arrival_whirlpool, layout_basic, chequers_serial_rivers_micro_c,
          minivault_19
D:2:      layout_rooms, serial_shops, nicolae_shop_hallway_stairs, shop,
          nicolae_lakefront_shop, nicolae_shop_hallway_plus,
          nicolae_shop_bloodbath_and_beyond, shapermc_ecumenical_altar_rom_forum
D:3:      layout_rooms, gammafunk_ghost_nasty_kobolds, serial_shops, shop,
          pf_guarded_unrand_woodcutter, uniq_jessica

Skill      XL: |  1  2 |
---------------+-------+-----
Throwing       | 2 |  2.0
Long Blades    | 3 |  3.1
Dodging        | 3 |  3.1
Fighting       | |  2.7
Armour         | |  0.8

Action                   || total
-------------------------++-------
Melee: Long sword        ||   120
       Punch             ||     2
  Use: Potion            ||     1
Armor: Leather armour    ||    86
Dodge: Dodged            ||   118
Block: Other             ||    20

Table legend: (Time is in decaauts)
 A = Elapsed time spent in this place.
 B = Non-inter-level travel time spent in this place.
 C = Inter-level travel time spent in this place.
 D = Time resting spent in this place.
 E = Time spent auto-exploring this place.
 F = Levels seen in this place.
 G = Mean time per level.
                   A        B        C        D        E       F      G
               +--------+--------+--------+--------+--------+-----+--------+
         Total |   1531 |   1509 |     22 |      0 |   1221 |   3 |  510.3 |
       Dungeon |   1531 |   1509 |     22 |      0 |   1221 |   3 |  510.3 |
               +--------+--------+--------+--------+--------+-----+--------+

Top non-repeatable levels by time:
     D:1: 735 daAuts
     D:2: 546 daAuts
     D:3: 249 daAuts
